 Dungeon Crawl Stone Soup version 0.28.0-45-g0d030f2227 (webtiles) character file.

Game seed: 6319788021138455777

118 Bruhh the Magician (level 5, -3/35 HPs)
             Began as a Djinni Ice Elementalist on Apr 22, 2022.
             Was an Initiate of Nemelex Xobeh.
             Slain by a gnoll
             ... wielding a +0 spear
              (4 damage)
             ... on level 4 of the Dungeon.
             The game lasted 00:07:04 (4594 turns).

Bruhh the Magician (Djinni Ice Elementalist)        Turns: 4594, Time: 00:07:04

Health: -3/35      AC:  2    Str:  7    XL:     5   Next: 23%
Gold:   154        EV: 12    Int: 18    God:    Nemelex Xobeh [......] SH:  0 Dex: 14

rFire   + + .      SeeInvis .   h - +1 dagger (flame)
rCold   x . .      Faith    .   (no shield)
rNeg    . . .      Spirit   .   a - +0 robe
rPois   ∞          Reflect  .   (no helmet)
rElec   .          Harm     .   (no cloak)
rCorr   .          Rampage  .   (no gloves)
Will    .....                   (boots unavailable)
Stlth   ++........              (no amulet)
HPRegen 0.11/turn               (no ring)
MPRegen 0.00/turn               (no ring)

@: flying
A: sickness immunity, fire resistance 2, cold vulnerability 1, float, innate
caster, HP casting, extra vitality 1
a: Renounce Religion, Draw Escape, Draw Destruction, Draw Summoning


You were on level 4 of the Dungeon.
You worshipped Nemelex Xobeh.
Nemelex Xobeh was noncommittal.
You visited 1 branch of the dungeon, and saw 4 of its levels.

You collected 154 gold pieces.

Inventory:

Hand Weapons
 c - a +0 spear
 h - a +1 dagger of flaming (weapon)
Missiles
 n - 3 silver javelins
Armour
 a - a +0 robe (worn)
Scrolls
 d - 3 scrolls of identify {unknown}
 e - 4 scrolls of teleportation {unknown}
 i - a scroll of silence {unknown}
 j - a scroll of amnesia {unknown}
Potions
 b - a potion of magic {unknown}
 f - a potion of mutation {unknown}
 g - a potion of lignification {unknown}
 k - a potion of degeneration {unknown}
 l - a potion of curing {unknown}
 m - a potion of might {unknown}
 o - a potion of attraction {unknown}
 p - a potion of flight {unknown}


   Skills:
 - Level 2.1 Dodging
 - Level 1.5 Stealth
 + Level 4.8 Spellcasting


You couldn't memorise any spells.
You knew the following spells:

 Your Spells              Type           Power      Damage    Failure   Level
a - Freeze                Ice            84%        1d10      1%          1
b - Frozen Ramparts       Ice            42%        1d6       5%          3
c - Ozocubu's Armour      Ice            21%        N/A       5%          3
d - Hailstorm             Conj/Ice       21%        3d6       19%         4
e - Foxfire               Conj/Fire      84%        2x1d8     1%          1
f - Corpse Rot            Necr/Air       42%        N/A       2%          2
Your spell library was empty.

Dungeon Overview and Level Annotations

Branches:
Dungeon (4/15)
 Temple: D:4-7

Altars:
Kikubaaqudgha
Makhleb
Nemelex Xobeh


Innate Abilities, Weirdness & Mutations

You are immune to sickness and miasma.
You are immune to poison.
Your flesh is very heat resistant. (rF++)
You are vulnerable to cold. (rC-)
You float through the air rather than walking.
You learn spells naturally, not from books.
Your magical power is your life essence.
You have superior vitality. (+4 MHP)


Message History

You are too injured to fight recklessly!
You are too injured to fight recklessly!
You barely miss the gnoll.
The gnoll is moderately wounded.
The wall freezes the gnoll.
A gnoll comes into view. It is wielding a +0 whip.
The wall freezes the gnoll.
The gnoll hits you from afar with a +0 spear.
The wall freezes the gnoll shaman.
The wall freezes the gnoll.
The gnoll completely misses you.
You barely miss the gnoll.
The gnoll is heavily wounded.
The gnoll shouts!
The wall freezes the gnoll.
The gnoll hits you from afar with a +0 spear.
* * * LOW HITPOINT WARNING * * *
The wall freezes the gnoll.
The gnoll barely misses you.
The wall freezes the gnoll shaman.
You hit the gnoll. You burn the gnoll.
You kill the gnoll!
The wall freezes the gnoll.
The gnoll closely misses you.
The wall freezes the gnoll.
The gnoll hits you from afar with a +0 spear.
* * * LOW HITPOINT WARNING * * *
The wall freezes the gnoll.
The wall freezes the gnoll shaman.
Your icy armour and frozen ramparts will break if you move.
Continue?
Uppercase [Y]es or [N]o only, please.
Your icy armour and frozen ramparts will break if you move.
Continue?
Your icy armour cracks and falls away as you move.
The frozen ramparts melt away as you move.
The gnoll barely misses you.
Your magical contamination has completely faded away.
The gnoll barely misses you.
The gnoll hits you from afar with a +0 spear.
* * * LOW HITPOINT WARNING * * *
The gnoll shaman calls upon its god to heal the gnoll.
The gnoll's wounds heal themselves!
The gnoll hits you from afar with a +0 spear.
You die...
Your body disappears without a glow.

# #.######.#........#
..
#........###.######
#.#####..########..#
#.......### ####>.##
##........# #.<..##
#........###.####
#......#.....########
######.#............#
#[#####@#.....#####
#.# #.............#
#.# #g#.#.........#
#.# ##.#.#.#######.#
#.# #.g....#..$..#.#
#†# #.#.#..#:....#.#
#.###g..##.#.$_$$+.#
##..........#...$.#.#
#..g#g.###..#.$...#.


You could see a gnoll shaman and 2 gnolls.

Vanquished Creatures
  A gnoll (D:4)
  3 adders
  A worm (D:2)
  2 dart slugs
  8 ball pythons
  A bat zombie (D:3)
  5 endoplasms
  4 giant cockroaches
  3 goblins
  8 hobgoblins
  8 jackals (D:1)
  4 quokkas
  6 bats
  4 frilled lizards
  8 kobolds
  4 rats
  2 rat zombies (D:3)
72 creatures vanquished.

Vanquished Creatures (others)
  4 foxfires (D:3)
4 creatures vanquished.

Grand Total: 76 creatures vanquished

Notes
Turn   | Place    | Note
-------+----------+-------------------------------------------
     0 | D:1      | Bruhh the Djinni Ice Elementalist began the quest for the
                  | Orb.
     0 | D:1      | Reached XP level 1. HP: 15/15 MP: 0/0
   379 | D:1      | Reached XP level 2. HP: 16/21 MP: 0/0
  1026 | D:1      | Reached XP level 3. HP: 15/25 MP: 0/0
  1026 | D:1      | Learned a level 1 spell: Foxfire
  1345 | D:1      | Reached skill level 4 in Spellcasting
  1480 | D:2      | Found a faded altar of an unknown god.
  2322 | D:2      | Reached XP level 4. HP: 12/31 MP: 0/0
  3687 | D:3      | Found a sparkling altar of Nemelex Xobeh.
  3792 | D:3      | Became a worshipper of Nemelex Xobeh the Trickster
  4226 | D:3      | Reached XP level 5. HP: 24/35 MP: 0/0
  4226 | D:3      | Learned a level 2 spell: Corpse Rot
  4549 | D:4      | Found a burning altar of Makhleb.
  4591 | D:4      | HP: 1/35 [gnoll/+0 spear (3)]
  4594 | D:4      | Slain by a gnoll

Illustrated notes

Levels and vault maps discovered:
D:1:      onia_arrival_mini_maze, layout_basic
D:2:      layout_rooms, ebering_ecumenical_altar_petrified
D:3:      layout_loops_ring, mainiacjoe_overflow_catwalk,
          lemuel_zombie_altar_kikubaaqudgha, serial_aquarium,
          aquarium_bridge_square [aquarium_subvault_window,
          aquarium_subvault_wall, aquarium_subvault_bridge,
          aquarium_subvault_bridge], aquarium_window_fake, aquarium_window_1,
          aquarium_window_3, aquarium_window_2, aquarium_view_2c,
          aquarium_view_2c, glass_columns_a, fountainhead,
          chequers_serial_rivers_small_3, due_unseen_surprise
D:4:      layout_rooms, amcnicky_altar_gilded, uniq_crazy_yiuf_cottage,
          uniq_blork_the_orc

Skill      XL: |  1  2  3 |
---------------+----------+-----
Spellcasting   | 4 |  4.8
Dodging        | |  2.1
Stealth        | |  1.5

Action                   |  1- 3 |  4- 6 || total
-------------------------+-------+-------++-------
Melee: Spear             |     9 |       ||     9
       Unarmed           |     1 |       ||     1
       Dagger            |    11 |    24 ||    35
 Cast: Freeze            |    48 |    47 ||    95
       Foxfire           |       |     2 ||     2
       Ozocubu's Armour  |       |     1 ||     1
       Frozen Ramparts   |       |     1 ||     1
 Stab: Sleeping          |     1 |     1 ||     2
Armor: Robe              |    15 |    10 ||    25
Dodge: Dodged            |    44 |    33 ||    77
